 Dungeon Crawl Stone Soup version 0.23.1-38-g628c18f (webtiles) character file.

Game seed: 14651630933200826940

82722 Borgoz the Swashbuckler (level 16, -13/96 HPs)
             Began as a Kobold Gladiator on Mar 28, 2019.
             Was a High Priest of Ashenzari.
             Mangled by a deep elf knight
             ... wielding a +0 scimitar
              (20 damage)
             ... on level 13 of the Dungeon.
             The game lasted 01:04:08 (25279 turns).

Borgoz the Swashbuckler (Kobold Gladiator)         Turns: 25279, Time: 01:04:09

Health: -13/96     AC: 23    Str: 14    XL:     16   Next: 22%
Magic:  23/23      EV: 29    Int:  9    God:    Ashenzari [*****.]
Gold:   1881       SH:  0    Dex: 22    Spells: 11/25 levels left

rFire    . . .     SeeInvis +   b - +5 rapier (elec)
rCold    . . .     Gourm    .   (shield restricted)
rNeg     + . .     Faith    .   X - +4 troll leather armour
rPois    +         Spirit   .   c - +1 helmet
rElec    .         Reflect  .   I - +2 cloak
rCorr    .         Harm     .   L - +2 pair of gloves
MR       ++...     Clarity  +   l - +2 pair of boots {Stlth+}
Stlth    ++++++....             E - amulet of rage
HPRegen  0.66/turn              d - ring of the Ancient Suns {+Fly rPois rN+ Str-2 Dex+3}
MPRegen  0.18/turn              q - ring of protection from magic

@: lethally poisoned (-13 -> -13)
A: small, carnivore
a: Curse Item, Scrying, Transfer Knowledge, Renounce Religion, Evoke Berserk
Rage, Evoke Flight


You were on level 13 of the Dungeon.
You worshipped Ashenzari.
Ashenzari was extremely pleased with you.
You were very full.

You visited 3 branches of the dungeon, and saw 20 of its levels.
You also visited: Ossuary, Gauntlet and Volcano.

You collected 1951 gold pieces.
You spent 70 gold pieces at shops.

Inventory:

Hand Weapons
 a - a +3 short sword of venom
 b - a +5 rapier of electrocution (weapon)
 u - the +7 great mace "Firestarter" {inner flame, rF++}
   (You took it off a minotaur in a Gauntlet)

   It has been specially enchanted to burn those struck by it, causing extra
   injury to most foes and up to half again as much damage against particularly
   susceptible opponents.
   It greatly protects you from fire.
 B - the +9 hunting sling "Timufa" {flame, MR+}
   (You took it off a minotaur in a Gauntlet)

   It causes projectiles fired from it to burn those they strike, causing extra
   injury to most foes and up to half again as much damage against particularly
   susceptible opponents.
   It affects your resistance to hostile enchantments.
Missiles
 i - 2 throwing nets (quivered)
 J - 27 tomahawks
Armour
 c - a +1 helmet (worn)
 l - a +2 pair of boots of stealth (worn)
 I - a +2 cloak (worn)
 L - a +2 pair of gloves (worn)
 Q - a +3 leather armour of fire resistance
 X - a +4 troll leather armour (worn)
Jewellery
 d - a ring of the Ancient Suns (left hand) {+Fly rPois rN+ Str-2 Dex+3}
   (You found it in a Gauntlet)

   [ring of flight]

   It affects your strength (-2).
   It affects your dexterity (+3).
   It protects you from poison.
   It protects you from negative energy.
   It lets you fly.
 g - a +2 amulet of reflection
 o - an uncursed ring of protection from magic
 q - a ring of protection from magic (right hand)
 t - an uncursed amulet of the acrobat
 w - an uncursed amulet of guardian spirit
 E - an amulet of rage (around neck)
 O - a +4 ring of evasion
 Z - an uncursed ring of ice
Wands
 r - a wand of flame (35)
 y - a wand of digging (4)
 F - a wand of iceblast (9)
 G - a wand of disintegration (28)
 H - a wand of polymorph (5)
 K - a wand of acid (7)
Scrolls
 e - 11 scrolls of teleportation
 h - a scroll of enchant armour
 j - 8 scrolls of remove curse
 k - a scroll of magic mapping
 m - a scroll of acquirement {unknown}
 p - 4 scrolls of fog
 s - a scroll of holy word {unknown}
 N - 8 scrolls of fear
 T - 2 scrolls of blinking
Potions
 n - a potion of mutation
 v - 4 potions of cancellation
 x - 6 potions of haste
 z - 3 potions of might
 A - 2 potions of ambrosia
 C - 2 potions of resistance
 D - 5 potions of lignification
 P - 7 potions of curing
Comestibles
 f - 41 rations


   Skills:
 + Level 9.6 Fighting
 * Level 16.0 Short Blades
 - Level 2.1 Throwing
 * Level 11.1 Armour
 * Level 14.9 Dodging
 + Level 11.9 Stealth
 - Level 5.0 Spellcasting
 + Level 5.8 Hexes
 + Level 4.3 Charms
 - Level 2.0 Necromancy
 - Level 3.0 Translocations
 + Level 7.2 Evocations


You had 11 spell levels left.
You knew the following spells:

 Your Spells              Type           Power        Failure   Level  Hunger
a - Blink                 Tloc           N/A          13%         2    ##.....
b - Regeneration          Chrm/Necr      #.........   24%         3    ###....
c - Invisibility          Hex            ##......     99%         6    #######
d - Confuse               Hex            ##......     8%          3    ###....

Your spell library contained the following spells:

 Spells                   Type           Power        Failure   Level  Hunger
 Slow                     Hex            ##......     4%          2    ##.....
 Tukima's Dance           Hex            ##......     8%          3    ###....
 Apportation              Tloc           #.....       9%          1    #......
 Animate Skeleton         Necr           N/A          13%         1    #......
 Pain                     Necr           #...         13%         1    #......
 Lesser Beckoning         Tloc           #.........   26%         3    ###....
 Magic Dart               Conj           #...         28%         1    #......
 Sting                    Conj/Pois      #...         28%         1    #......
 Summon Butterflies       Summ           #.......     28%         1    #......
 Vampiric Draining        Necr           #.........   36%         3    ###....
 Call Imp                 Summ           #.......     41%         2    ##.....
 Poisonous Vapours        Pois/Air       #.....       41%         2    ##.....
 Recall                   Summ/Tloc      N/A          43%         3    ###....
 Conjure Flame            Conj/Fire      #.......     65%         3    ###....
 Ignite Poison            Fire/Tmut/Pois #.......     65%         3    ###....
 Mephitic Cloud           Conj/Pois/Air  #.......     65%         3    ###....
 Animate Dead             Necr           N/A          77%         4    #####..
 Olgreb's Toxic Radiance  Pois           #.......     96%         4    #####..
 Alistair's Intoxication  Tmut/Pois      #.......     100%        5    ######.
 Fireball                 Conj/Fire      #.........   100%        5    ######.
 Venom Bolt               Conj/Pois      #.........   100%        5    ######.
 Bolt of Fire             Conj/Fire      #.........   100%        6    #######
 Ring of Flames           Chrm/Fire      #.........   100%        7    #######
 Ignition                 Fire           #.........   100%        8    #######


Dungeon Overview and Level Annotations

Branches:
Dungeon (13/15)            Temple (1/1) D:4            Lair (6/6) D:11
 Shoals (0/4) Lair:4        Snake (0/4) Lair:3        Slime (0/5) Lair:6
    Orc (0/2) D:10
 Vaults: D:13-14

Altars:
Ashenzari
Cheibriados
Dithmenos
Elyvilon
Fedhas
Gozag
Hepliaklqana
Kikubaaqudgha
Makhleb
Nemelex Xobeh
Okawaru
Qazlal
Ru
Sif Muna
Trog
Uskayaw
Vehumet
Wu Jian
Xom
Yredelemnul
Zin
The Shining One

Shops:
D:5 *   D:11 [

Annotations:
D:13 vishdafish's ghost, journeyman OpFi


Innate Abilities, Weirdness & Mutations

You are small and have problems with some larger weapons.
You are carnivorous and can eat meat at any time.


Message History

Okay, then.
* * * LOW HITPOINT WARNING * * *
You are more poisoned.
You feel sick.
* * * LOW HITPOINT WARNING * * *
Vishdafish's ghost's toxic aura wanes.
Vishdafish's ghost casts a spell.
Vishdafish's ghost begins to radiate toxic energy.
You feel sick.
* * * LOW HITPOINT WARNING * * *
You feel sick.
* * * LOW HITPOINT WARNING * * *
You feel sick.
* * * LOW HITPOINT WARNING * * *
There is a stone staircase leading up here.
You feel sick.
* * * LOW HITPOINT WARNING * * *
Vishdafish's ghost feints to the right.
The deep elf knight hits you with a +0 scimitar!!
You die...

#...#.......#.......#
#...#.......#.......#
#...........#.......#
#...........#########
#...>............####
#..####..........#...
#..# #..........#...
#..####..........#...
#...@e...#.......#...
#.).[W.c.#.......#...
#..####..........#...
#..####..........#...
#.......{........#...
#.......##)#######.(.
#.......#.......##(..
#.......#...<...##..(
#.......#............


You could see a centaur warrior, a deep elf knight (invisible) and vishdafish's
ghost.

Vanquished Creatures
  Rupert (Lair:4)
  Gastronok (Lair:3)
  Kirke (Lair:6)
  A minotaur (Gauntlet)
  A merfolk impaler (D:13)
  Fannar (D:11)
  7 hydras
  Harold (D:7)
  Erolcha (D:9)
  2 centaur warriors (D:13)
  5 catoblepae
  An ogre mage (Volcano)
  9 two-headed ogres
  6 death yaks (Lair:6)
  3 tengu warriors
  Sonja (Lair:6)
  A hell knight (Volcano)
  2 unseen horrors
  A sixfirhy (Gauntlet)
  5 lindwurms (Lair:3)
  A cyclops (D:13)
  5 oklob plants (Lair:6)
  The ghost of EtherCrawl the Sneak, a novice GnEn (D:7)
  A manticore (Lair:6)
  2 ugly things
  A moth of wrath (D:7)
  A black mamba (Lair:6)
  10 spiny frogs
  2 molten gargoyles (Volcano)
  9 elephants
  2 gargoyles (Gauntlet)
  A rime drake (Lair:1)
  5 komodo dragons
  7 trolls
  A tengu conjurer (D:13)
  2 hornets (Gauntlet)
  Prince Ribbit (D:9)
  3 blink frogs (Lair:2)
  4 dream sheep (Lair:6)
  A slime creature (D:10)
  7 hippogriffs
  5 flying skulls (Gauntlet)
  3 wraiths
  A vampire (D:12)
  5 wyverns
  60 yaks
  3 hogs (Lair:6)
  6 fire bats
  2 steam dragons
  3 basilisks
  A vampire mosquito (D:10)
  3 hungry ghosts
  2 nagas (Lair:3)
  A soldier ant (D:13)
  Duvessa (D:6)
  9 water moccasins
  4 porcupines
  4 sky beasts
  2 orc warriors
  3 ice beasts
  2 black bears
  A necrophage (D:11)
  9 ogres
  5 wolves
  20 centaurs
  15 crocodiles
  2 big kobolds
  19 bullfrogs
  A wyvern zombie (D:10)
  Dowan (D:6)
  2 scorpions
  4 wights (D:11)
  3 killer bees (D:8)
  An electric eel (Lair:4)
  7 howler monkeys
  4 crimson imps
  3 lava snakes
  A centaur zombie (D:8)
  5 hounds
  3 jellies
  7 orc priests
  3 bullfrog skeletons
  2 centaur skeletons
  10 orc wizards
  Crazy Yiuf (D:6)
  14 worker ants
  4 iguanas
  A hound zombie (D:10)
  A hound skeleton (D:4)
  9 mummies
  A howler monkey zombie (D:10)
  3 worker ant zombies
  8 gnolls
  12 adders
  A howler monkey skeleton (D:5)
  7 shadow imps
  4 ufetubi (Gauntlet)
  An adder skeleton (D:6)
  2 worms
  6 dart slugs
  4 leopard geckos
  51 orcs
  3 ball pythons
  6 bats
  7 giant cockroaches
  12 goblins
  14 hobgoblins
  6 jackals
  15 kobolds
  9 quokkas
  6 frilled lizards
  4 kobold zombies (Ossuary)
  4 orc zombies (Ossuary)
  5 rats
  A fungus (D:6)
  24 plants (Lair:2)
612 creatures vanquished.

Vanquished Creatures (others)
  A manticore (Lair:6)
  A fire bat (Volcano)
  A howler monkey (D:12)
  A bush (Lair:6)
  3 fungi
  14 plants
21 creatures vanquished.

Grand Total: 633 creatures vanquished

Notes
Turn   | Place    | Note
-------+----------+-------------------------------------------
     0 | D:1      | Borgoz the Kobold Gladiator began the quest for the Orb.
     0 | D:1      | Reached XP level 1. HP: 12/12 MP: 1/1
    82 | D:1      | Reached XP level 2. HP: 17/17 MP: 2/2
   258 | D:1      | Reached skill level 1 in Stealth
   258 | D:1      | Reached XP level 3. HP: 22/22 MP: 3/3
   408 | D:1      | Reached skill level 1 in Armour
   790 | D:2      | Reached XP level 4. HP: 27/27 MP: 4/4
  1864 | D:3      | Reached skill level 5 in Short Blades
  1867 | D:3      | Reached XP level 5. HP: 30/31 MP: 5/5
  2048 | D:3      | Found a basalt altar of Yredelemnul.
  2319 | D:3      | Found a bloodstained altar of Trog.
  2520 | D:3      | Reached XP level 6. HP: 27/37 MP: 6/6
  2884 | D:4      | Reached skill level 5 in Dodging
  3119 | D:4      | Noticed an ogre
  3129 | D:4      | Killed an ogre
  3129 | D:4      | Reached skill level 6 in Short Blades
  3129 | D:4      | Reached XP level 7. HP: 41/41 MP: 7/7
  3168 | D:4      | Found a hazy altar of Hepliaklqana.
  3692 | D:4      | Found a deep blue altar of Sif Muna.
  3833 | D:4      | Found a staircase to the Ecumenical Temple.
  3894 | Temple   | Entered the Ecumenical Temple
  4002 | D:5      | Entered Level 5 of the Dungeon
  4002 | D:5      | Found a transporter.
  4063 | D:5      | Found a sand-covered staircase.
  4196 | Ossuary  | Entered an ossuary
  4621 | D:5      | Reached XP level 8. HP: 48/48 MP: 8/8
  4947 | D:5      | Reached skill level 7 in Short Blades
  4997 | D:5      | Found Wysif Qixeym's General Store.
  5000 | D:5      | Bought a scroll of identify for 28 gold pieces
  5000 | D:5      | Bought a scroll of teleportation for 42 gold pieces
  5133 | D:5      | Found a bloodstained altar of Trog.
  5148 | D:5      | Found a transporter.
  5152 | D:5      | Found a hide-covered altar of Uskayaw.
  5168 | D:5      | Found a blossoming altar of Fedhas.
  5180 | D:5      | Reached skill level 1 in Evocations
  5228 | D:5      | Noticed a troll
  5243 | D:5      | Noticed a yak
  5564 | D:6      | Noticed Duvessa
  5590 | D:6      | Killed Duvessa
  5590 | D:6      | Noticed Dowan
  5619 | D:6      | Killed Dowan
  6055 | D:6      | Found the +3 sling "Punk" {acid, rCorr}
  6216 | D:6      | Reached XP level 9. HP: 52/52 MP: 10/10
  6296 | D:6      | Reached skill level 8 in Short Blades
  6380 | D:6      | Found a stormy altar of Qazlal.
  6485 | D:6      | Found a runed translucent door.
  6486 | D:6      | Noticed Crazy Yiuf
  6495 | D:6      | Killed Crazy Yiuf
  6495 | D:6      | Reached skill level 5 in Stealth
  6663 | D:7      | Noticed Harold
  6684 | D:7      | Killed Harold
  6684 | D:7      | Reached skill level 5 in Fighting
  7010 | D:7      | Learned a level 2 spell: Blink
  7020 | D:7      | Found a transporter.
  7024 | D:7      | Noticed EtherCrawl's ghost (novice GnEn)
  7024 | D:7      | Noticed a moth of wrath
  7084 | D:7      | Found a transporter.
  7102 | D:7      | Reached skill level 9 in Short Blades
  7375 | D:7      | Reached skill level 5 in Armour
  7397 | D:7      | Reached XP level 10. HP: 59/59 MP: 12/12
  8412 | D:8      | Noticed a two-headed ogre
  8451 | D:8      | Killed a two-headed ogre
  8451 | D:8      | Reached skill level 10 in Short Blades
  9251 | D:7      | Reached skill level 11 in Short Blades
  9251 | D:7      | Reached skill level 10 in Dodging
  9251 | D:7      | Reached XP level 11. HP: 64/64 MP: 13/16
  9263 | D:7      | Killed EtherCrawl's ghost
  9263 | D:7      | Reached skill level 5 in Evocations
  9276 | D:7      | Killed a moth of wrath
  9276 | D:7      | Reached XP level 12. HP: 56/70 MP: 11/17
  9410 | D:9      | Noticed Prince Ribbit
  9434 | D:9      | Killed Prince Ribbit
  9533 | D:9      | Found a burning altar of Makhleb.
  9630 | D:9      | Found a shattered altar of Ashenzari.
  9633 | D:9      | Became a worshipper of Ashenzari the Shackled
  9995 | D:9      | Noticed Erolcha
 10024 | D:9      | Killed Erolcha
 10024 | D:9      | Reached skill level 12 in Short Blades
 10203 | D:10     | Entered Level 10 of the Dungeon
 10266 | D:10     | Noticed a tengu warrior
 10497 | D:10     | Killed a tengu warrior
 10713 | D:10     | Noticed a two-headed ogre
 10770 | D:10     | Killed a two-headed ogre
 11196 | D:10     | Found a staircase to the Orcish Mines.
 11259 | D:10     | Killed an unseen horror
 11966 | D:10     | Noticed a catoblepas
 11977 | D:10     | Killed a catoblepas
 12148 | D:10     | Noticed a two-headed ogre
 12183 | D:10     | Killed a two-headed ogre
 12609 | D:11     | Found Tuew's Antique Armour Shop.
 12790 | D:11     | Reached * piety under Ashenzari
 12977 | D:11     | Reached XP level 13. HP: 53/76 MP: 19/19
 13276 | D:11     | Found a staircase to the Lair.
 13360 | D:11     | Reached skill level 13 in Short Blades
 13737 | D:11     | Noticed Fannar
 13751 | D:11     | Killed Fannar
 13825 | D:12     | Noticed a four-headed hydra
 13908 | Lair:1   | Entered Level 1 of the Lair of Beasts
 14461 | Lair:1   | Noticed a five-headed hydra
 14462 | Lair:1   | Reached ** piety under Ashenzari
 14478 | Lair:1   | Killed a five-headed hydra
 15401 | Lair:2   | Learned a level 3 spell: Regeneration
 17200 | Lair:3   | Found a dark tunnel.
 17311 | Volcano  | Entered a volcano
 17399 | Volcano  | Learned a level 6 spell: Invisibility
 17497 | Volcano  | Reached skill level 1 in Translocations
 17503 | Volcano  | Found a radiant altar of Vehumet.
 17508 | Volcano  | Reached skill level 5 in Spellcasting
 17508 | Volcano  | Reached skill level 1 in Necromancy
 17513 | Volcano  | Reached skill level 1 in Charms
 17637 | Volcano  | Reached XP level 14. HP: 83/83 MP: 21/21
 17995 | Lair:3   | Noticed Gastronok
 18010 | Lair:3   | Killed Gastronok
 18010 | Lair:3   | Reached skill level 14 in Short Blades
 18010 | Lair:3   | Reached skill level 10 in Stealth
 18033 | Lair:3   | Found a staircase to the Snake Pit.
 18402 | Lair:3   | Reached *** piety under Ashenzari
 18772 | Lair:4   | Found a staircase to the Shoals.
 19106 | Lair:4   | Noticed Rupert
 19150 | Lair:4   | Killed Rupert
 19307 | Lair:4   | Reached skill level 10 in Armour
 20603 | Lair:6   | Entered Level 6 of the Lair of Beasts
 20609 | Lair:6   | Noticed Sonja
 20626 | Lair:6   | Killed Sonja
 20908 | Lair:6   | Reached XP level 15. HP: 89/89 MP: 22/22
 21135 | Lair:6   | Reached **** piety under Ashenzari
 21203 | Lair:6   | Reached skill level 15 in Short Blades
 21851 | Lair:6   | Reached skill level 5 in Hexes
 22130 | Lair:6   | Noticed Kirke
 22184 | Lair:6   | Killed Kirke
 22379 | Lair:6   | Found a staircase to the Slime Pits.
 23740 | D:13     | Found a runed translucent gate.
 23740 | D:13     | Found a runed translucent gate.
 23804 | D:13     | Found a runed translucent gate.
 23837 | D:13     | Found a gate leading to a gauntlet.
 23942 | Gauntlet | Entered a Gauntlet
 23942 | Gauntlet | Found a transporter.
 23942 | Gauntlet | Found a transporter.
 23942 | Gauntlet | Found a transporter.
 23942 | Gauntlet | Found a transporter.
 23942 | Gauntlet | Identified a ring of the Ancient Suns {+Fly rPois rN+ Str-2
                  | Dex+3}
 23951 | Gauntlet | Found a transporter.
 23961 | Gauntlet | Found a transporter.
 23977 | Gauntlet | Found a transporter.
 23987 | Gauntlet | Found a transporter.
 24002 | Gauntlet | Found a transporter.
 24008 | Gauntlet | Found a transporter.
 24022 | Gauntlet | Found a transporter.
 24039 | Gauntlet | Found a transporter.
 24302 | Gauntlet | Reached XP level 16. HP: 96/96 MP: 23/23
 24425 | Gauntlet | Identified the +9 hunting sling "Timufa" {flame, MR+}
 24439 | Gauntlet | Identified the Disquisition on Fetching Translocation
 24449 | D:13     | Learned a level 3 spell: Confuse
 24574 | D:13     | Noticed vishdafish's ghost (journeyman OpFi)
 24576 | D:13     | Found an iron altar of Okawaru.
 24782 | D:13     | Reached skill level 16 in Short Blades
 24901 | D:13     | Reached ***** piety under Ashenzari
 25279 | D:13     | Mangled by a deep elf knight

Skill      XL: |  1  2  3  4  5  6  7  8  9 10 11 12 13 14 15 16 |
---------------+-------------------------------------------------+-----
Stealth        | 1 2 3 4 6 7 8 9 10 11 | 11.9
Dodging        | 4 5 6 7 8 10 11 12 13 14 | 14.9
Armour         | 1 2 3 4 5 7 8 9 10 11 | 11.1
Short Blades   | 5 6 7 9 11 12 13 14 15 16 | 16.0
Fighting       | 3 4 5 6 7 8 9 |  9.6
Evocations     | 2 3 4 5 6 7 |  7.2
Spellcasting   | 3 4 5 |  5.0
Hexes          | 3 4 5 |  5.8
Translocations | 1 3 |  3.0
Necromancy     | 1 2 |  2.0
Charms         | 1 3 4 |  4.3
Throwing       | |  2.1

Action                   |  1- 3 |  4- 6 |  7- 9 | 10-12 | 13-15 | 16-18 || total
-------------------------+-------+-------+-------+-------+-------+-------++-------
Melee: Rapier            |   107 |   243 |   214 |       |   224 |   165 ||   953
       Dagger            |       |       |   206 |   359 |       |       ||   565
       Short sword       |       |       |       |   479 |  2227 |       ||  2706
Throw: Throwing net      |       |     2 |     2 |     3 |     9 |       ||    16
       Tomahawk          |       |       |       |       |     3 |       ||     3
 Abil: Evoke Berserk Rag |       |       |       |       |    10 |       ||    10
Evoke: Wand              |       |       |     2 |     7 |    12 |       ||    21
  Use: Scroll            |       |       |     6 |     8 |    31 |     2 ||    47
       Potion            |       |       |     6 |     2 |     9 |       ||    17
 Stab: Sleeping          |     3 |     8 |    10 |    18 |    42 |     4 ||    85
       Held in net/web   |       |     2 |     1 |     3 |     9 |       ||    15
       Distracted        |       |       |     1 |       |     1 |     1 ||     3
       Invisible         |       |       |       |     6 |    15 |       ||    21
       Paralysed         |       |       |       |       |     1 |       ||     1
       Petrified         |       |       |       |       |     1 |       ||     1
  Eat: Chunk             |     8 |     7 |    15 |    20 |    47 |     3 ||   100
Armor: Leather armour    |    18 |    39 |    59 |    47 |    15 |       ||   178
       Troll leather arm |       |       |       |     1 |   230 |    18 ||   249
Dodge: Dodged            |    70 |   172 |   238 |   588 |  1689 |   114 ||  2871
